 Dungeon Crawl Stone Soup version 0.31.0-11-ge490571c62 (webtiles) character file.

Game seed: 8211861286918919371

1190 qw the Skirmisher (level 8, -2/45 (46) HPs)
             Began as a Deep Elf Hunter on Feb 3, 2024.
             Constricted to death by Jeremiah (3 damage)
             ... on level 6 of the Dungeon.
             The game lasted 00:00:22 (4239 turns).

qw the Skirmisher (Deep Elf Hunter)                 Turns: 4239, Time: 00:00:22

HP:   -2/45 (46)    AC: 12    Str: 10      XL:     8   Next: 20%
MP:   10/10         EV:  8    Int: 15      God:
Gold: 303           SH:  0    Dex: 16 (18) Spells: 7/7 levels left

rFire   . . .        a - +0 shortbow (heavy)
rCold   . . .        (shield currently unavailable)
rNeg    + . .        g - +0 ring mail
rPois   +            (no helmet)
rElec   .            m - scarf {repulsion}
rCorr   +            o - +1 pair of gloves
SInv    .            h - +0 pair of boots
Will    .....        r - amulet "Daosur" {+Inv rPois rN+ Regen+}
Stlth   +            f - ring of resist corrosion
HPRegen 1.07/turn    n - +4 ring of protection
MPRegen 0.12/turn

%: repel missiles
@: about to teleport, grasped by roots, hasted, constricted, lightly drained,
very quick
A: no striking features
a: Evoke Invisibility


You were on level 6 of the Dungeon.
You visited 1 branch of the dungeon, and saw 6 of its levels.

You collected 303 gold pieces.


   Skills:
 - Level 3.1 Fighting
 + Level 12.5 Ranged Weapons
 - Level 1.5 Armour
 - Level 3.0 Dodging
 - Level 1.2 Stealth


You had 7 spell levels left.
You didn't know any spells.
Your spell library was empty.

Inventory:

Hand Weapons
 a - a +0 heavy shortbow (weapon)
Armour
 g - a +0 ring mail (worn)
 h - a +0 pair of boots (worn)
 m - a scarf of repulsion (worn)
 o - a +1 pair of gloves (worn)
Jewellery
 f - a ring of resist corrosion (left hand)
 n - a +4 ring of protection (right hand)
 p - a ring of ice
 r - the amulet "Daosur" (around neck) {+Inv rPois rN+ Regen+}
   (You found it on level 5 of the Dungeon)

   [amulet of regeneration]

   rPois:     It protects you from poison rN+: It protects you from negative
   energy.
   +Inv:      It lets you turn invisible.
   Regen+:    It increases your rate of health regeneration.
Wands
 b - a wand of acid (12)
 c - a wand of paralysis (12)
 k - a wand of mindburst (15)
 w - a wand of digging (6)
Potions
 d - 2 potions of mutation
 i - a potion of resistance
 t - 5 potions of curing

Dungeon Overview and Level Annotations

Branches:
Dungeon (6/15)
 Temple: D:4-7

Altars:
Dithmenos

Annotations:
D:6 Jeremiah


Message History

4226 ||| DRINKING potion of haste.
You feel yourself speed up.
You shoot an arrow. The arrow hits Jeremiah.
Jeremiah is lightly wounded.
You shoot an arrow. The arrow hits Jeremiah.
Jeremiah is lightly wounded.
You shoot an arrow. The arrow hits Jeremiah.
Jeremiah is moderately wounded.
You shoot an arrow. The arrow hits Jeremiah!
Jeremiah is heavily wounded.
You shoot an arrow. The arrow hits Jeremiah.
Jeremiah is heavily wounded.
You shoot an arrow. The arrow completely misses Jeremiah.
The butterfly disappears in a burst of colours!
Jeremiah hits you but does no damage. You partially resist.
You shoot an arrow. The arrow closely misses Jeremiah.
Jeremiah hits you but does no damage. You partially resist.
Jeremiah throws their arms up pleadingly.
Something smites you!
The butterfly disappears in a burst of colours!
You shoot an arrow. The arrow hits Jeremiah!
Jeremiah is almost dead.
The butterfly disappears in a burst of colours!
Jeremiah zaps a wand.
The roots erupt in riotous growth!
The butterfly is unaffected. x3
The grasping roots grab you!
Jeremiah is unaffected.
The butterfly is unaffected.
The grasping roots constrict you.
You shoot an arrow.
The arrow hits Jeremiah but does no damage.
Jeremiah is almost dead.
Jeremiah mumbles a slurred invocation.
Something smites you! The grasping roots constrict you!
4239 ||| READING scroll of teleportation.
As you read the scroll of teleportation, it crumbles to dust.
You feel strangely unstable.
The butterfly disappears in a burst of colours!
Jeremiah hits you from afar with a +2 trident of draining!
You partially resist.
You feel drained. The grasping roots constrict you.
You die...
Jeremiah asks, "What happened?
Did... did you die?"

..........#..?.
#..........#....
................
.....bbbbb.#....
.......bbb...b..
b....b.bFb..... ....
b......bbb.....
....##########..@.......
....................####
....................#
..............#+#####
........¤.¤...#.#
........¤.....#.#
...%...#¤#......##
###...#¤¤.#....[.#
###..#.#¤#¤#..#..####


You could see Jeremiah.

Vanquished Creatures
  Sigmund (D:3)
  Eustachio (D:6)
  An acid dragon (D:4)
  A phantom (D:5)
  A bullfrog (D:5)
  2 scorpions (D:4)
  A howler monkey (D:4)
  5 hounds
  Ijyb (D:3)
  An iguana (D:4)
  Terence (D:3)
  A gnoll (D:1)
  8 adders
  A shadow imp (D:6)
  2 ufetubi (D:5)
  4 ribbon worms
  3 dart slugs (D:1)
  7 orcs
  10 ball pythons
  7 endoplasms
  4 giant cockroaches
  13 hobgoblins
  12 jackals
  5 kobolds
  4 quokkas
  6 bats
  2 frilled lizards (D:1)
  7 goblins
  11 rats
123 creatures vanquished.

Vanquished Creatures (others)
  A hobgoblin (D:3)
1 creature vanquished.

Grand Total: 124 creatures vanquished

Notes
Turn   | Place    | Note
-------+----------+-------------------------------------------
     0 | D:1      | qw the Deep Elf Hunter began the quest for the Orb.
     0 | D:1      | Reached XP level 1. HP: 12/12 MP: 3/3
     0 | D:1      | 0 ||| qw: Version: 0.3-a-157-g843a77d
     0 | D:1      | 0 ||| qw: Game counter: 3987
     0 | D:1      | 0 ||| qw: Melee chars always use a shield: true
     0 | D:1      | 0 ||| qw: God list: Okawaru
     0 | D:1      | 0 ||| qw: Allow faded altars: false
     0 | D:1      | 0 ||| qw: Do Orc after clearing Dungeon:15 true
     0 | D:1      | 0 ||| qw: Do second Lair branch before Depths: true
     0 | D:1      | 0 ||| qw: Lair rune preference: random
     0 | D:1      | 0 ||| qw: Goals: Normal
     0 | D:1      | 0 ||| PLANNING D:1-11
    46 | D:1      | Found a faded altar of an unknown god.
    54 | D:1      | Reached skill level 6 in Ranged Weapons
    54 | D:1      | Reached XP level 2. HP: 16/16 MP: 4/4
   151 | D:1      | 151 ||| RETREEEEATING.
   152 | D:1      | 152 ||| RETREEEEATING.
   225 | D:1      | Reached XP level 3. HP: 20/20 MP: 5/5
   499 | D:1      | Reached skill level 7 in Ranged Weapons
   775 | D:1      | 775 ||| READING scroll labelled WAMMEGECUZ.
   813 | D:1      | 813 ||| READING scroll labelled EDINNI FOMEO.
   813 | D:1      | 813 ||| IDENTIFYING fuming dark potion
   814 | D:1      | 814 ||| DROPPING scroll of butterflies.
  1073 | D:2      | Reached XP level 4. HP: 25/25 MP: 6/6
  1180 | D:2      | HP: 5/25 [poisoned by an adder]
  1184 | D:2      | HP: 2/25 [poisoned by an adder]
  1398 | D:2      | Reached skill level 8 in Ranged Weapons
  1790 | D:2      | 1790 ||| UPGRADING to +0 pair of boots.
  1795 | D:2      | 1795 ||| UPGRADING to scarf of repulsion.
  1800 | D:2      | 1800 ||| UPGRADING to +0 pair of gloves.
  1805 | D:2      | 1805 ||| UPGRADING to ring of resist corrosion.
  1806 | D:2      | 1806 ||| UPGRADING to +4 ring of protection.
  1807 | D:2      | 1807 ||| READING 2 scrolls of identify.
  1807 | D:2      | 1807 ||| IDENTIFYING golden potion
  1808 | D:2      | 1808 ||| READING scroll of identify.
  1808 | D:2      | 1808 ||| IDENTIFYING green potion
  1809 | D:2      | 1809 ||| READING scroll labelled XOLOG FOPPODGHU.
  1810 | D:2      | 1810 ||| READING 2 scrolls labelled KIUDES VUJUTOA.
  1911 | D:2      | 1911 ||| DROPPING scroll of vulnerability.
  1997 | D:3      | Noticed Sigmund
  1998 | D:3      | 1998 ||| ZAPPING wand of mindburst (13) at -1,-7 (Sigmund;
                  | floor).
  1999 | D:3      | 1999 ||| ZAPPING wand of mindburst (12) at -1,-6 (Sigmund;
                  | floor).
  2000 | D:3      | 2000 ||| ZAPPING wand of mindburst (11) at -1,-5 (Sigmund;
                  | floor).
  2001 | D:3      | 2001 ||| ZAPPING wand of mindburst (10) at -1,-4 (Sigmund;
                  | floor).
  2002 | D:3      | 2002 ||| DRINKING potion of curing.
  2002 | D:3      | 2002 ||| (to cure confusion)
  2003 | D:3      | 2003 ||| ZAPPING wand of mindburst (9) at -1,-3 (Sigmund;
                  | floor).
  2017 | D:3      | 2017 ||| ZAPPING wand of mindburst (8) at -1,-1 (Sigmund;
                  | floor).
  2018 | D:3      | 2018 ||| ZAPPING wand of mindburst (7) at -1,-1 (Sigmund;
                  | floor).
  2019 | D:3      | 2019 ||| ZAPPING wand of mindburst (6) at -1,-1 (Sigmund;
                  | floor).
  2019 | D:3      | Killed Sigmund
  2020 | D:3      | Reached skill level 9 in Ranged Weapons
  2020 | D:3      | Reached XP level 5. HP: 13/29 MP: 7/7
  2020 | D:3      | Reached XP level 6. HP: 15/34 MP: 8/8
  2023 | D:3      | 2023 ||| FLEEEEING.
  2024 | D:3      | 2024 ||| FLEEEEING.
  2025 | D:3      | 2025 ||| FLEEEEING.
  2026 | D:3      | 2026 ||| FLEEEEING.
  2027 | D:3      | 2027 ||| FLEEEEING.
  2028 | D:3      | 2028 ||| FLEEEEING.
  2191 | D:3      | Noticed Ijyb
  2206 | D:3      | HP: 6/34 [Ijyb/bolt of acid (9)]
  2207 | D:3      | 2207 ||| DRINKING potion of heal wounds.
  2212 | D:3      | HP: 8/34 [Ijyb/+3 club (7)]
  2214 | D:3      | Killed Ijyb
  2215 | D:3      | Reached skill level 3 in Dodging
  2221 | D:3      | HP: 3/34 [ribbon worm (3)]
  2552 | D:3      | Noticed Terence
  2560 | D:3      | Killed Terence
  2751 | D:3      | 2751 ||| UPGRADING to +0 scale mail.
  2761 | D:3      | 2761 ||| DROPPING +0 leather armour.
  2762 | D:3      | 2762 ||| UPGRADING to amulet of the acrobat.
  2767 | D:3      | 2767 ||| READING 3 scrolls of identify.
  2767 | D:3      | 2767 ||| IDENTIFYING fuming red potion
  2768 | D:3      | 2768 ||| READING 2 scrolls of identify.
  2768 | D:3      | 2768 ||| IDENTIFYING fizzy inky potion
  2769 | D:3      | 2769 ||| READING scroll of identify.
  2769 | D:3      | 2769 ||| IDENTIFYING scroll labelled TOMUNI UBINK
  2770 | D:3      | 2770 ||| READING scroll of brand weapon.
  2770 | D:3      | 2770 ||| BRANDING +0 shortbow.
  2771 | D:3      | 2771 ||| READING scroll labelled QOACRI BOMUES.
  2772 | D:3      | 2772 ||| DROPPING potion of ambrosia.
  2826 | D:4      | Reached skill level 1 in Armour
  2856 | D:4      | Reached skill level 10 in Ranged Weapons
  2911 | D:4      | Reached XP level 7. HP: 40/40 MP: 9/9
  3310 | D:4      | 3310 ||| UPGRADING to +0 ring mail.
  3320 | D:4      | 3320 ||| DROPPING +0 scale mail.
  3321 | D:4      | 3321 ||| DROPPING amulet of magic regeneration.
  3322 | D:4      | 3322 ||| READING 2 scrolls of identify.
  3322 | D:4      | 3322 ||| IDENTIFYING fizzy coppery potion
  3323 | D:4      | 3323 ||| READING scroll of identify.
  3323 | D:4      | 3323 ||| IDENTIFYING scroll labelled POSETUA TIFFED
  3324 | D:4      | 3324 ||| READING scroll labelled XOECOM RIESI.
  3329 | D:4      | 3329 ||| DROPPING scroll of immolation.
  3342 | D:5      | Entered Level 5 of the Dungeon
  3353 | D:5      | Reached skill level 11 in Ranged Weapons
  3357 | D:5      | 3357 ||| FLEEEEING.
  3358 | D:5      | 3358 ||| FLEEEEING.
  3359 | D:5      | 3359 ||| FLEEEEING.
  3360 | D:5      | 3360 ||| FLEEEEING.
  3361 | D:5      | 3361 ||| FLEEEEING.
  3362 | D:5      | 3362 ||| FLEEEEING.
  3363 | D:5      | 3363 ||| FLEEEEING.
  3364 | D:5      | 3364 ||| FLEEEEING.
  3365 | D:5      | 3365 ||| FLEEEEING.
  3366 | D:5      | 3366 ||| FLEEEEING.
  3367 | D:5      | 3367 ||| STAIRDANCE
  3399 | D:4      | 3399 ||| READING scroll labelled ZUIGUHAODE.
  3404 | D:5      | 3404 ||| STAIRDANCE
  3438 | D:5      | 3438 ||| STAIRDANCE
  3480 | D:5      | 3480 ||| STAIRDANCE
  3486 | D:4      | HP: 6/40 [acid dragon/splash of acid (15)]
  3487 | D:4      | 3487 ||| DRINKING potion of heal wounds.
  3727 | D:5      | Reached skill level 12 in Ranged Weapons
  3734 | D:5      | Identified the amulet "Daosur" {+Inv rPois rN+ Regen+}
  4113 | D:5      | 4113 ||| UPGRADING to amulet "Daosur" {+Inv rPois rN+
                  | Regen+}.
  4123 | D:5      | 4123 ||| DROPPING amulet of the acrobat.
  4124 | D:5      | 4124 ||| DROPPING +6 ring of intelligence.
  4125 | D:5      | 4125 ||| READING 2 scrolls of identify.
  4125 | D:5      | 4125 ||| IDENTIFYING murky blue potion
  4126 | D:5      | 4126 ||| READING scroll of identify.
  4126 | D:5      | 4126 ||| IDENTIFYING scroll labelled YTYLOUBBOJ
  4127 | D:5      | 4127 ||| READING scroll of enchant armour.
  4127 | D:5      | 4127 ||| ENCHANTING +0 pair of gloves.
  4128 | D:5      | 4128 ||| DROPPING potion of lignification.
  4144 | D:6      | Found a shadowy altar of Dithmenos.
  4147 | D:6      | 4147 ||| STAIRDANCE
  4156 | D:6      | 4156 ||| STAIRDANCE
  4162 | D:5      | Reached XP level 8. HP: 45/45 MP: 10/10
  4181 | D:6      | Noticed Eustachio
  4191 | D:6      | Reached skill level 3 in Fighting
  4192 | D:6      | 4192 ||| RETREEEEATING.
  4193 | D:6      | 4193 ||| RETREEEEATING.
  4194 | D:6      | 4194 ||| RETREEEEATING.
  4197 | D:6      | 4197 ||| RETREEEEATING.
  4198 | D:6      | 4198 ||| RETREEEEATING.
  4199 | D:6      | 4199 ||| RETREEEEATING.
  4200 | D:6      | 4200 ||| RETREEEEATING.
  4201 | D:6      | 4201 ||| RETREEEEATING.
  4202 | D:6      | 4202 ||| RETREEEEATING.
  4203 | D:6      | 4203 ||| RETREEEEATING.
  4204 | D:6      | 4204 ||| RETREEEEATING.
  4205 | D:6      | 4205 ||| RETREEEEATING.
  4222 | D:6      | Killed Eustachio
  4225 | D:6      | Noticed Jeremiah
  4226 | D:6      | 4226 ||| DRINKING potion of haste.
  4238 | D:6      | HP: 10/46 [constriction (13)]
  4239 | D:6      | 4239 ||| READING scroll of teleportation.
  4239 | D:6      | HP: 2/46 [Jeremiah/+2 trident of draining (9)]
  4239 | D:6      | Constricted to death by Jeremiah

Levels and vault maps discovered:
D:1:      dpeg_arrival_renting, layout_basic, chequers_ecumenical_altar_island,
          minmay_surrounded
D:2:      layout_basic, serial_bayou_pond_b, hex_large,
          minmay_increasing_density
D:3:      layout_loops_cross, uniq_sigmund, uniq_ijyb, uniq_terence
D:4:      layout_cave_pools
D:5:      layout_basic
D:6:      layout_basic, nicolae_sif_muna_little_library,
          grunt_dithmenos_smoke_and_mirrors, minmay_temple_entry_ruins,
          dk_noncrumbling_3, minmay_fountain_box, minmay_ruined_shrine,
          uniq_eustachio, uniq_jeremiah

Skill      XL: |  1  2  3  4  5  6  7  8 |
---------------+-------------------------+-----
Ranged Weapons | 6 7 9 10 12 | 12.5
Dodging        | 3 |  3.0
Fighting       | 2 3 |  3.1
Armour         | 1 |  1.5
Stealth        | |  1.2

Action                     |  1- 3 |  4- 6 |  7- 9 || total
---------------------------+-------+-------+-------++-------
   Fire: Shortbow          |   101 |   200 |   115 ||   416
  Evoke: Wand              |       |     8 |       ||     8
    Use: Scroll            |     2 |     9 |     8 ||    19
         Potion            |       |     2 |     2 ||     4
 Armour: Leather armour    |     8 |    54 |       ||    62
         Scale mail        |       |    12 |    28 ||    40
         Ring mail         |       |       |   100 ||   100
  Dodge: Dodged            |    17 |    68 |    84 ||   169
         Repelled          |       |     2 |     3 ||     5

Table legend:
 A = Non-vault XP
 B = Vault XP
 C = Vault XP percentage of total XP
 D = Non-vault monster count
 E = Vault monster count
 F = Vault count percentage of total count
                 A         B        C        D         E       F
            +---------+---------+-------+---------+---------+-------
      Total |    1126 |     575 |  33.8 |     105 |      18 |  14.6
            +---------+---------+-------+---------+---------+-------
        D:1 |      65 |      10 |  13.3 |      29 |       5 |  14.7
        D:2 |      72 |      27 |  27.3 |      25 |       9 |  26.5
        D:3 |      49 |     321 |  86.8 |      18 |       3 |  14.3
        D:4 |     573 |       0 |   0.0 |      21 |       0 |   0.0
        D:5 |     311 |       0 |   0.0 |      10 |       0 |   0.0
        D:6 |      56 |     217 |  79.5 |       2 |       1 |  33.3
            +---------+---------+-------+---------+---------+-------
